 Dungeon Crawl Stone Soup version 0.30.1-3-gfc49f6343a (webtiles) character file.

Game seed: 17265157841336233304

5 Peloso the Covered (level 1, 0/14 HPs)
             Began as a Tengu Fighter on July 26, 2023.
             Frozen to death by an endoplasm (5 damage)
             ... on level 1 of the Dungeon.
             The game lasted 00:00:19 (92 turns).

Peloso the Covered (Tengu Fighter)                    Turns: 92, Time: 00:00:21

Health: 0/14       AC:  8    Str: 16    XL:     1   Next: 80%
Magic:  2/2        EV:  8    Int:  8    God:
Gold:   11         SH:  4    Dex: 13    Spells: 0/0 levels left

rFire   . . .        a - +0 long sword
rCold   . . .        c - +0 buckler
rNeg    . . .        b - +0 scale mail
rPois   .            (helmet restricted)
rElec   .            (no cloak)
rCorr   .            f - +0 pair of gloves
SInv    .            (boots unavailable)
Will    .....        (no amulet) Stlth
                     (no ring)
HPRegen 0.22/turn    (no ring)
MPRegen 0.08/turn

%: no passive effects
@: no status effects
A: beak, talons 3
a: no special abilities


You were on level 1 of the Dungeon.
You visited 1 branch of the dungeon, and saw 1 of its levels.

You collected 11 gold pieces.

Inventory:

Hand Weapons
 a - a +0 long sword (weapon)
Armour
 b - a +0 scale mail (worn)
 c - a +0 buckler (worn)
 f - a +0 pair of gloves (worn)
Scrolls
 g - a scroll of blinking {unknown}
Potions
 d - a potion of might
 e - a potion of brilliance {unknown}


   Skills:
 + Level 3.1 Fighting
 + Level 2.2 Long Blades
 + Level 3.4 Armour
 + Level 3.1 Shields


You couldn't memorise any spells.
You didn't know any spells.
Your spell library was empty.

Dungeon Overview and Level Annotations

Branches:
Dungeon (1/15)

Altars:


Innate Abilities, Weirdness & Mutations

You have a beak for a mouth.
You have claws for feet.


Message History

f - a +0 pair of gloves You start putting on your armour.
You continue putting on your +0 pair of gloves. x4
You finish putting on your +0 pair of gloves.
g - a scroll labelled RAORUE ROHIOQE A rat comes into view.
Found a scroll labelled YSHRACH RATZ and a blue potion.
A rat is nearby!
A rat is nearby!
A rat is nearby!
An endoplasm and a jackal come into view.
The endoplasm quivers.
The jackal barks!
You hear a bark!
A jackal comes into view.
The jackal barks!
A jackal comes into view.
A giant cockroach comes into view.
Found a leather armour.
The endoplasm hits you but does no damage.
You block the rat's attack.
A giant cockroach comes into view.
You miss the jackal. You claw the jackal, but do no damage.
The jackal bites you but does no damage.
A jackal comes into view.
The endoplasm freezes you.
You are frozen.
The rat bites you but does no damage. The giant cockroach barely misses you.
The jackal completely misses you.
Unknown command.
The jackal barks!
The endoplasm hits you but does no damage.
The giant cockroach bites you. The jackal bites you.
The endoplasm attacks as you move away! You block the endoplasm's attack.
The giant cockroach barely misses you.
You hit the endoplasm but do no damage. You claw the endoplasm.
Your peck misses the endoplasm.
The endoplasm is lightly wounded.
The endoplasm freezes you.
You are frozen.
The endoplasm freezes you.
You are frozen.
You die...

. [. .. ...###### ##...(..
......... ....... ........#
####.....
.....?.h#######.......######
.......hhBJ@................
...?###.#r##....###.... ...#
. ....!##....###.#.# #...
#.#....##........#.###..# #
#..........#.#.........
#.#..#.....#.#.........
#....#.#####...........
#+#.##.# ###.######.#
#.##############.#


You could see an endoplasm, 3 jackals, a giant cockroach and a rat.

Vanquished Creatures
  A ball python (D:1)
  A bat (D:1)
  A goblin (D:1)
  A quokka (D:1)
4 creatures vanquished.

Notes
Turn   | Place    | Note
-------+----------+-------------------------------------------
     0 | D:1      | Peloso the Tengu Fighter began the quest for the Orb.
     0 | D:1      | Reached XP level 1. HP: 14/14 MP: 2/2
    92 | D:1      | Frozen to death by an endoplasm

Illustrated notes

Levels and vault maps discovered:
D:1:      dpeg_arrival_three_same_balls, layout_basic, minmay_crystal_water

Action                     || total
---------------------------++-------
  Melee: Long sword        ||     7
         Kick              ||     3
         Peck              ||     1
 Armour: Scale mail        ||     7
  Dodge: Dodged            ||     5
  Block: Buckler           ||     2
